[Event "DMP-III LIGA Senior PK 2020"]
[Site "Bystre"]
[Date "2020.07.10"]
[Round "4.30"]
[White "Krzysztynska, Anna"]
[Black "Tarsa, Joanna"]
[Result "1-0"]
[ECO "B22"]
[WhiteElo "1857"]
[BlackElo "1574"]
[Annotator "NA RC"]
[PlyCount "59"]
[EventDate "2020.07.05"]
[EventType "team-tourn"]
[EventCountry "POL"]
[SourceTitle "playchess.com"]
[Source "ChessBase"]
[SourceQuality "1"]
[TimeControl "5400+30"]

1. e4 c5 2. c3 Nc6 3. d4 cxd4 4. cxd4 d6 5. Nc3 Nf6 6. Nf3 (6. d5 $16) 6... g6 7. Bc4 ({White should play} 7. d5 $16 Ne5 8. Nxe5 dxe5 9. Be3) 7... Bg7 8. O-O O-O 9. Bb3 b6 (9... Bg4 $15) 10. Be3 Bb7 11. d5 Nb8 (11... Na5 $1 $11) 12. Nd4 $16 Nbd7 13. Rc1 Rc8 14. f3 Ne5 15. Qd2 Ba6 16. Ncb5 Qd7 17. a4 Rc5 18. Nc2 Rcc8 19. Qe2 Bxb5 20. axb5 Qb7 21. Nd4 Rxc1 22. Rxc1 Rc8 23. Nc6 Nxc6 24. bxc6 Qc7 25. Qa6 Ne8 26. Rc2 Qb8 27. Bc4 Rc7 28. b4 Rc8 29. Qb7 Nc7 30. Ra2 1-0

[Event "DMP-III LIGA Senior PK 2020"]
[Site "Bystre"]
[Date "2020.07.10"]
[Round "5.4"]
[White "Korys, Dawid"]
[Black "Wojciechowski, Beniamin"]
[Result "0-1"]
[ECO "D00"]
[WhiteElo "1343"]
[BlackElo "1835"]
[Annotator "NA"]
[PlyCount "94"]
[EventDate "2020.07.05"]
[EventType "team-tourn"]
[EventCountry "POL"]
[SourceTitle "playchess.com"]
[Source "ChessBase"]
[SourceQuality "1"]
[TimeControl "5400+30"]

1. d4 d5 2. Bf4 Bf5 3. e3 e6 4. c4 c6 5. Nc3 Nd7 6. Nf3 Ngf6 7. Be2 Be7 {[%emt 0:02:10] D02: 1 d4 d5 2 Nf3 sidelines, including 2...Nf6 3 g3 and 2...Nf6 3 Bf4.} 8. Ne5 Nxe5 9. Bxe5 O-O 10. O-O Re8 11. cxd5 exd5 12. Bd3 Qd7 {[%emt 0:10:26] [#]} 13. Bxf5 $146 ({Predecessor:} 13. Qc2 Bxd3 14. Qxd3 Ng4 15. Bf4 Bd6 16. h3 Bxf4 17. exf4 Nf6 18. Rae1 Qd6 19. g3 {½-½ (38) Rupel,D (2113)-Chen,H Redmond 2008}) 13... Qxf5 14. Bxf6 Bxf6 15. Ne2 Rad8 16. a4 Be7 17. Qd2 Bd6 18. b4 Re6 19. b5 Rg6 20. bxc6 bxc6 21. Rac1 Qg4 22. Ng3 Bb8 23. Qe2 Qh4 24. f4 Re8 25. Nf5 Qf6 26. Qd3 Qd8 27. Rc5 Rge6 28. Rf3 g6 29. Nh6+ Kg7 30. Ng4 f6 (30... h5 $5 31. Ne5 $8 Bxe5 32. dxe5 (32. fxe5 f6 $11) 32... Qb6 $11) 31. f5 Re4 32. Nf2 Qe7 33. Nxe4 $4 (33. Rc3 $11 {and White is okay.}) 33... dxe4 34. Qc4 (34. Qd1 $142 exf3 {[%mdl 64] Discovered Attack} 35. Qxf3) 34... exf3 35. Qe6 {[%emt 0:00:51] [#]} Qc7 $1 36. g3 Rxe6 37. fxe6 Qd6 $19 (37... Qb6 $142 38. Kf2 Qb2+ 39. Kxf3 Qxh2 40. g4 Qg3+ 41. Ke4 Qxg4+ {[%mdl 64] Double Attack} 42. Kd3 Qxe6 43. Rc2 Bg3 44. Rb2 Qf5+ 45. Kc3 Be1+ 46. Kc4 Qa5 47. Kb3 Qc3+ 48. Ka2 Qxe3 49. d5 cxd5 50. a5 Bc3 51. Rb1 Qf2+ 52. Ka3 Qc5+ {[%mdl 64] Double Attack} 53. Ka4 Qxa5+ 54. Kb3 Be5 55. Rc1 Qb5+ 56. Kc2 Qe2+ 57. Kb3 Qb2+ 58. Ka4 Qxc1 59. Kb4 Qc3+ 60. Kb5 Qc4+ 61. Ka5 Bc7#) 38. Kf2 Qxe6 39. Kxf3 f5 40. Ke2 Qa2+ 41. Kd3 Qxa4 42. Kc3 a5 43. Kb2 Bd6 44. Rc3 {[%emt 0:00:05] [#]} c5 $1 45. Rb3 c4 46. Rb7+ Kh6 47. Kc3 Bb4+ 0-1

[Event "DMP-III LIGA Senior PK 2020"]
[Site "Bystre"]
[Date "2020.07.10"]
[Round "5.5"]
[White "Borukalo, Zdzislaw"]
[Black "Medrygal, Rafal"]
[Result "1-0"]
[ECO "C44"]
[WhiteElo "1679"]
[BlackElo "1258"]
[Annotator "NA RC"]
[PlyCount "111"]
[EventDate "2020.07.05"]
[EventType "team-tourn"]
[EventCountry "POL"]
[SourceTitle "playchess.com"]
[Source "ChessBase"]
[SourceQuality "1"]
[TimeControl "5400+30"]

1. e4 e5 2. Nf3 Nc6 3. d4 exd4 4. Bc4 Bb4+ 5. c3 dxc3 6. O-O Nf6 7. e5 d5 8. exf6 dxc4 9. fxg7 Rg8 10. Qxd8+ Nxd8 11. bxc3 Be7 12. Re1 Rxg7 13. Bg5 Ne6 14. Bxe7 Kxe7 15. Na3 Bd7 16. Nd4 c5 17. Nf5+ Kf6 18. Nxg7 Kxg7 19. Nxc4 Nf4 20. Ne5 Be6 21. a3 Nd5 22. Rac1 Kf6 23. g3 Rg8 24. f3 Nf4 25. Kf2 Nh3+ 26. Kf1 Rd8 27. f4 h5 28. Rcd1 Rg8 29. Nd7+ Kg6 30. Rxe6+ fxe6 31. Kg2 Nxf4+ 32. gxf4 Kf5+ 33. Kf3 Rg4 34. Nxc5 Rxf4+ 35. Ke3 Rc4 36. Nxb7 Rxc3+ 37. Rd3 Rc2 38. h3 e5 39. Nd6+ Ke6 40. Ne4 Rh2 41. Nf2 Rg2 42. Kf3 Rg7 43. h4 Kf5 44. Re3 Re7 45. Re4 Rc7 46. Nd3 Re7 47. Nb4 Rc7 48. Nd3 Re7 49. Ne1 Rc7 50. Ng2 Rc3+ 51. Ne3+ Ke6 52. Ra4 Rd3 53. Ra6+ Kf7 54. Rxa7+ Kg6 55. Ra6+ Kg7 56. Ke4 1-0

[Event "DMP-III LIGA Senior PK 2020"]
[Site "Bystre"]
[Date "2020.07.10"]
[Round "5.6"]
[White "Trybowska, Anna"]
[Black "Krzysztynska, Anna"]
[Result "0-1"]
[ECO "A43"]
[WhiteElo "1583"]
[BlackElo "1857"]
[Annotator "NA RC"]
[PlyCount "76"]
[EventDate "2020.07.05"]
[EventType "team-tourn"]
[EventCountry "POL"]
[SourceTitle "playchess.com"]
[Source "ChessBase"]
[SourceQuality "1"]
[TimeControl "5400+30"]

1. d4 c5 2. e3 e6 3. c4 g6 4. Nc3 Bg7 5. Nf3 Ne7 6. Bd3 {[%emt 0:00:15] A34: Symmetrical English: 2 Nc3, lines with ...d5.} (6. Ne4 $14) 6... O-O 7. O-O d6 {[%emt 0:01:06] [#]} 8. Qc2 $146 ({Predecessor:} 8. Be2 Nbc6 9. Qd2 cxd4 10. Nxd4 Nxd4 11. exd4 d5 12. Qd3 dxc4 13. Qxc4 Qxd4 14. Qb3 {0-1 (41) Filipkowska,M (1600)-Mierska,A (1800) Leba 2006}) 8... Nbc6 9. dxc5 Nb4 10. Qd2 dxc5 11. Be2 Qc7 12. Nb5 Qb6 13. Qd6 Nbc6 14. Qc7 Qxc7 15. Nxc7 Rb8 16. Nb5 b6 17. Rb1 Bb7 18. b3 a6 19. Nd6 Ba8 20. Bb2 e5 21. Rfd1 Rfd8 22. Ng5 Rf8 23. h4 h6 {[%emt 0:01:04] [#]} 24. Nge4 (24. Ngxf7 $1 $16 Rxf7 25. Nxf7 Kxf7 26. h5) 24... f5 25. Nc3 Rfd8 26. h5 {[%emt 0:04:01] [#]} ({White should play} 26. Na4 $11) 26... Nd4 $1 27. hxg6 (27. exd4 $15 exd4 28. Ndb5) 27... Rxd6 28. exd4 exd4 ({Don't do} 28... cxd4 29. Bh5) 29. Bh5 $2 (29. Nd5 Nxd5 30. cxd5) 29... dxc3 30. Rxd6 cxb2 31. f3 Nc6 32. g4 (32. Rd2 $142) 32... f4 33. Rd7 Nd4 34. g5 hxg5 35. Kf2 Nc2 36. Rxg7+ Kxg7 37. Rxb2 Nd4 38. Rd2 Bc6 $19 0-1

[Event "DMP-III LIGA Senior PK 2020"]
[Site "Bystre"]
[Date "2020.07.10"]
[Round "5.9"]
[White "Szaro, Mariusz"]
[Black "Palacki, Rafal"]
[Result "1/2-1/2"]
[ECO "A46"]
[WhiteElo "1559"]
[BlackElo "1755"]
[Annotator "NA RC"]
[PlyCount "22"]
[EventDate "2020.07.05"]
[EventType "team-tourn"]
[EventCountry "POL"]
[SourceTitle "playchess.com"]
[Source "ChessBase"]
[SourceQuality "1"]
[TimeControl "5400+30"]

1. d4 e6 2. Nf3 Nf6 3. Bg5 d5 4. e3 c5 5. c3 Nbd7 6. Ne5 Bd6 7. f4 h6 8. Bh4 g5 9. fxg5 Ne4 10. Qh5 Bxe5 11. dxe5 Nxg5 1/2-1/2

[Event "DMP-III LIGA Senior PK 2020"]
[Site "Bystre"]
[Date "2020.07.10"]
[Round "5.11"]
[White "Dziura, Wiktor"]
[Black "Materniak, Aleksander"]
[Result "1/2-1/2"]
[ECO "A00"]
[WhiteElo "1353"]
[BlackElo "1660"]
[Annotator "NA"]
[PlyCount "47"]
[EventDate "2020.07.05"]
[EventType "team-tourn"]
[EventCountry "POL"]
[SourceTitle "playchess.com"]
[Source "ChessBase"]
[SourceQuality "1"]
[TimeControl "5400+30"]

1. g3 d5 2. Bg2 Nf6 3. c4 e6 4. cxd5 exd5 5. Nf3 Be7 6. d3 O-O 7. O-O c5 8. Bf4 Nc6 9. d4 Ne4 10. Nc3 Be6 11. dxc5 Bxc5 12. Nxe4 dxe4 13. Ng5 e3 14. Bxe3 Bxe3 15. Qxd8 Raxd8 16. fxe3 Rd2 17. Nxe6 fxe6 18. Rxf8+ Kxf8 19. Rc1 Rxb2 20. Bxc6 bxc6 21. Rxc6 Rxa2 22. Rxe6 Rxe2 23. Ra6 Rxe3 24. Rxa7 1/2-1/2

[Event "DMP-III LIGA Senior PK 2020"]
[Site "Bystre"]
[Date "2020.07.10"]
[Round "5.12"]
[White "Tarsa, Joanna"]
[Black "Kruczek, Aleksandra"]
[Result "1-0"]
[ECO "B32"]
[WhiteElo "1574"]
[BlackElo "1038"]
[Annotator "NA"]
[PlyCount "57"]
[EventDate "2020.07.05"]
[EventType "team-tourn"]
[EventCountry "POL"]
[SourceTitle "playchess.com"]
[Source "ChessBase"]
[SourceQuality "1"]
[TimeControl "5400+30"]

1. e4 c5 2. Nf3 Nc6 3. d4 d5 4. exd5 Qxd5 5. Nc3 Qe6+ 6. Be3 cxd4 7. Nxd4 Nxd4 8. Qxd4 Nf6 9. O-O-O Bd7 10. Bb5 Rd8 11. Qa4 g6 12. Bxd7+ Nxd7 13. Nd5 Qe5 14. Bf4 Qxd5 15. Rxd5 Bg7 16. Rhd1 O-O 17. Rxd7 Rxd7 18. Rxd7 a6 19. Rxe7 h6 20. Re8 b5 21. Rxf8+ Bxf8 22. Qxa6 b4 23. Qc8 b3 24. axb3 Kg7 25. Be5+ f6 26. Qd7+ Kg8 27. Qe6+ Kh7 28. Qf7+ Kh8 29. Bxf6+ 1-0

[Event "DMP-III LIGA Senior PK 2020"]
[Site "Bystre"]
[Date "2020.07.10"]
[Round "5.17"]
[White "Sygulski, Piotr"]
[Black "Karas, Kacper"]
[Result "1-0"]
[ECO "B90"]
[WhiteElo "1652"]
[BlackElo "1150"]
[Annotator "NA RC"]
[PlyCount "67"]
[EventDate "2020.07.05"]
[EventType "team-tourn"]
[EventCountry "POL"]
[SourceTitle "playchess.com"]
[Source "ChessBase"]
[SourceQuality "1"]
[TimeControl "5400+30"]

1. e4 c5 2. Ne2 d6 3. d4 cxd4 4. Nxd4 Nf6 5. Nc3 a6 6. Bd3 e6 7. O-O Be7 8. Be3 b5 9. a3 Bb7 10. f4 Nbd7 11. Kh1 Rc8 12. Nf3 Rxc3 13. bxc3 Nxe4 14. Bxe4 Bxe4 15. a4 bxa4 16. Rxa4 Bc6 17. Ra1 Bb5 18. Re1 Nf6 19. Nd4 Bc4 20. Nc6 Qc7 21. Nxe7 Kxe7 22. f5 e5 23. Bg5 h5 24. Qf3 Bb5 25. Qe4 Bc6 26. Qb4 Bb5 27. Rxe5+ Kd7 28. Rd1 Rb8 29. Bxf6 gxf6 30. Red5 Rb6 31. Qd4 a5 32. Qxf6 Be2 33. Qxf7+ Kc8 34. Qe8+ 1-0

[Event "DMP-III LIGA Senior PK 2020"]
[Site "Bystre"]
[Date "2020.07.10"]
[Round "5.18"]
[White "Uliasz, Katarzyna"]
[Black "Zgoda, Aleksandra"]
[Result "1-0"]
[ECO "B20"]
[WhiteElo "1386"]
[BlackElo "1203"]
[Annotator "NA"]
[PlyCount "115"]
[EventDate "2020.07.05"]
[EventType "team-tourn"]
[EventCountry "POL"]
[SourceTitle "playchess.com"]
[Source "ChessBase"]
[SourceQuality "1"]
[TimeControl "5400+30"]

1. e4 c5 2. d3 e6 3. Nf3 Nc6 4. g3 Qc7 5. Bg2 d5 6. Nbd2 Nf6 7. O-O Bd6 8. Re1 O-O 9. Qe2 Nd7 10. c3 d4 11. Ng5 h6 12. Nh3 b5 13. f4 e5 14. f5 Bb7 15. g4 Be7 16. Nf1 Qd8 17. Ng3 Kh7 18. g5 Rg8 19. Qh5 Qf8 20. Rf1 f6 21. gxh6 gxh6 22. Nf2 Nd8 23. Ng4 Nf7 24. Bd2 Rd8 25. cxd4 cxd4 26. Rac1 Rc8 27. Rxc8 Bxc8 28. Rc1 Ng5 29. h4 Nf7 30. Rxc8 Qxc8 31. Qxf7+ Rg7 32. Qh5 Qf8 33. Bxh6 Kg8 34. Bxg7 Qxg7 35. Qg6 Qxg6 36. fxg6 Nf8 37. h5 Ne6 38. Nf5 Bd8 39. g7 Nxg7 40. Nxg7 Kxg7 41. Kf2 Be7 42. Bf3 a5 43. Nh2 Kh6 44. Nf1 a4 45. Ng3 Kg5 46. Nf5 Bf8 47. h6 Bxh6 48. Nxh6 Kxh6 49. Bg4 b4 50. a3 bxa3 51. bxa3 Kg6 52. Bd7 Kf7 53. Bxa4 Ke7 54. Bb5 Kd8 55. a4 Kc7 56. Kg3 Kb6 57. Kg4 Kc7 58. Kf5 1-0

[Event "DMP-III LIGA Senior PK 2020"]
[Site "Bystre"]
[Date "2020.07.10"]
[Round "5.19"]
[White "Miasik, Adrian"]
[Black "Lopuszanski, Kamil"]
[Result "1/2-1/2"]
[ECO "E92"]
[WhiteElo "1881"]
[BlackElo "1995"]
[Annotator "ChessBase"]
[PlyCount "76"]
[EventDate "2020.07.05"]
[EventType "team-tourn"]
[EventCountry "POL"]
[SourceTitle "playchess.com"]
[Source "ChessBase"]
[SourceQuality "1"]
[TimeControl "5400+30"]

1. d4 Nf6 2. Nf3 g6 3. c4 Bg7 4. Nc3 O-O 5. e4 d6 6. Be2 e5 7. dxe5 dxe5 8. Qxd8 Rxd8 9. Bg5 Re8 10. h3 h6 11. Be3 c6 12. O-O Nbd7 13. b4 Bf8 14. a3 a5 15. c5 b6 16. cxb6 axb4 17. axb4 Rxa1 18. Rxa1 Bxb4 19. Na4 Nxe4 20. Rb1 c5 21. Bb5 Nd6 22. Bc6 Nb7 23. Rd1 Re7 24. Bxh6 Na5 25. Bd5 Kh7 26. Bd2 Nf6 27. Ng5+ Kg7 28. Bxb4 cxb4 29. Nc5 Nxd5 30. Rxd5 Nc4 31. Nd3 f6 32. Ne4 Bb7 33. Nxb4 Bxd5 34. Nxd5 Re6 35. b7 Re8 36. Nc7 Rb8 37. Nc5 Nd6 38. N7a6 Rxb7 1/2-1/2

[Event "DMP-III LIGA Senior PK 2020"]
[Site "Bystre"]
[Date "2020.07.10"]
[Round "5.20"]
[White "Mazurkiewicz, Andrzej"]
[Black "Ciasnocha, Michal"]
[Result "1/2-1/2"]
[ECO "D10"]
[WhiteElo "1608"]
[BlackElo "1795"]
[Annotator "NA RC"]
[PlyCount "53"]
[EventDate "2020.07.05"]
[EventType "team-tourn"]
[EventCountry "POL"]
[SourceTitle "playchess.com"]
[Source "ChessBase"]
[SourceQuality "1"]
[TimeControl "5400+30"]

1. d4 d5 2. c4 c6 3. Nc3 Nf6 4. cxd5 cxd5 5. Bf4 a6 6. Nf3 Nc6 7. h3 e6 8. e3 Qa5 9. Bd3 Be7 10. O-O O-O 11. a3 b5 12. b4 Qb6 13. Rc1 Bb7 14. Nd2 Rfc8 15. Nb3 a5 16. Nxb5 axb4 17. a4 Rxa4 18. Nc5 Ra5 19. Nd6 Bxd6 20. Bxd6 Rd8 21. Bf4 h6 22. h4 Ra3 23. g4 e5 24. g5 Ne4 25. Bxe4 dxe4 26. Bg3 exd4 27. Nxb7 1/2-1/2

[Event "DMP-III LIGA Senior PK 2020"]
[Site "Bystre"]
[Date "2020.07.10"]
[Round "5.21"]
[White "Babiarz, Arkadiusz"]
[Black "Chowaniec, Artur"]
[Result "1-0"]
[ECO "C44"]
[WhiteElo "1840"]
[BlackElo "1530"]
[Annotator "NA"]
[PlyCount "138"]
[EventDate "2020.07.05"]
[EventType "team-tourn"]
[EventCountry "POL"]
[SourceTitle "playchess.com"]
[Source "ChessBase"]
[SourceQuality "1"]
[TimeControl "5400+30"]

1. e4 e5 2. Nf3 Nc6 3. c3 Nf6 4. Qa4 d6 5. d4 Bd7 6. Qc2 {[%emt 0:00:50] C44: Ponziani Opening and Scotch Gambit.} Be7 {[%emt 0:00:43] [#]} 7. Bb5 $146 ({Predecessor:} 7. d5 Nb8 8. c4 O-O 9. Be2 Ne8 10. Nc3 f5 11. exf5 Bxf5 12. Bd3 Bxd3 13. Qxd3 {½-½ (65) Hair,P (1829)-Shakya,R (1947) Auckland 2017}) 7... O-O 8. O-O Nxd4 9. Nxd4 exd4 10. Bxd7 d3 11. Qxd3 Nxd7 12. Be3 Ne5 13. Qe2 a6 14. f4 Nc6 15. Nd2 d5 16. Rad1 dxe4 17. Nxe4 Qc8 18. f5 f6 $1 19. Bc5 Bxc5+ 20. Nxc5 Ne5 21. Ne6 Re8 22. Rd5 Rxe6 (22... b5 $14) 23. fxe6 Qxe6 24. Rfd1 Re8 25. h3 c6 26. Rd8 h6 27. Qh5 ({Better is} 27. R1d7 $18) 27... Nf7 28. Rxe8+ Qxe8 29. Qg4 Ne5 30. Qb4 Qb8 {[%emt 0:02:22] [#]} (30... b5 $16 {was called for.}) 31. Qb6 $1 Nf7 32. Rd7 Qg3 33. Qf2 ({Inferior is} 33. Qxb7 Qe1+ 34. Kh2 Qe5+ 35. g3 Qe2+ 36. Kh1 Qf1+ 37. Kh2 Qf2+ 38. Kh1 Qf1+ 39. Kh2 Qf2+ 40. Kh1 Qf1+ $11) 33... Qb8 34. Qe2 (34. Qf5 $18 Qe8 35. Kf1) 34... Ne5 35. Rd4 Kf7 36. Qh5+ Ke7 37. Kh1 Qe8 38. Qxe8+ Kxe8 39. Kh2 b5 40. Kg3 Ke7 41. Kf4 g6 42. Ke4 Nd7 43. b4 Nb6 44. Rd1 Nd5 45. Kd4 Kd6 46. a4 (46. g4 $18) 46... h5 47. Ra1 h4 48. axb5 (48. a5 $18 {and White stays clearly on top.}) 48... axb5 49. Rg1 Nf4 50. Rf1 Nd5 51. Rf3 f5 52. g3 hxg3 53. Rxg3 Ne7 54. h4 (54. Rg1 $142) 54... Ke6 55. Kc5 f4 56. Rg5 f3 57. Rg3 Nf5 58. Rxf3 Nxh4 59. Rh3 Nf5 60. Kxc6 g5 61. Kxb5 g4 62. Rh8 Kf7 $18 63. Rh1 Kg6 64. Ka6 Kg5 65. b5 Nd6 66. b6 Kf4 67. b7 Nxb7 68. Kxb7 Ke3 69. c4 Kd4 1-0

[Event "DMP-III LIGA Senior PK 2020"]
[Site "Bystre"]
[Date "2020.07.10"]
[Round "5.22"]
[White "Wrobel, Dariusz"]
[Black "Ziemniak, Piotr"]
[Result "0-1"]
[ECO "B50"]
[WhiteElo "1427"]
[BlackElo "1791"]
[Annotator "NA"]
[PlyCount "128"]
[EventDate "2020.07.05"]
[EventType "team-tourn"]
[EventCountry "POL"]
[SourceTitle "playchess.com"]
[Source "ChessBase"]
[SourceQuality "1"]
[TimeControl "5400+30"]

1. e4 c5 2. Nf3 d6 3. Be2 Nf6 4. d3 g6 5. Bg5 Bg7 6. c3 Nbd7 7. O-O h6 8. Bh4 O-O 9. Qb3 Qb6 10. Qc2 e5 11. Nbd2 g5 12. Bg3 Nh7 13. Nc4 Qc7 14. a4 Nb6 15. Ne3 Be6 16. h4 f6 17. Nh2 Qf7 18. a5 Nc8 19. c4 Ne7 20. Nd5 Nc6 21. Qd1 f5 22. hxg5 hxg5 23. Bh5 Qd7 24. exf5 Bxf5 25. Ne3 Be6 26. Bf3 Rab8 27. Nhg4 Nd4 28. Be4 Nf6 29. Nxf6+ Rxf6 30. Nd5 Rh6 31. Rb1 Kf7 32. Qd2 Rbh8 33. f3 Bf6 34. b4 Rh1+ 35. Kf2 Rxf1+ 36. Rxf1 Bd8 37. bxc5 Nb3 38. Qb2 Nxc5 39. Nc3 Bxa5 40. Nb5 Bb6 41. Ke1 a6 42. Nxd6+ Qxd6 43. Bxe5 Na4 44. Qa1 Qb4+ 45. Ke2 Ba5 46. Rd1 Nc3+ 47. Bxc3 Qxc3 48. Bxb7 Qc2+ 49. Ke3 Bb6+ 50. d4 Re8 51. Be4 Bxc4 52. Rd2 Qb3+ 53. Kf2 Qb4 54. Rd1 Qd6 55. Qc3 Bb5 56. Qb3+ Kg7 57. Qe3 Qf6 58. Kg3 Rd8 59. Rh1 Rh8 60. Rd1 g4 61. fxg4 Qh4+ 62. Kf4 Rf8+ 63. Bf5 Bc7+ 64. Ke4 Re8+ 0-1

[Event "DMP-III LIGA Senior PK 2020"]
[Site "Bystre"]
[Date "2020.07.10"]
[Round "5.23"]
[White "Wozniak, Grzegorz"]
[Black "Kielb, Miroslaw"]
[Result "1-0"]
[ECO "C50"]
[WhiteElo "1608"]
[BlackElo "1394"]
[Annotator "NA RC"]
[PlyCount "113"]
[EventDate "2020.07.05"]
[EventType "team-tourn"]
[EventCountry "POL"]
[SourceTitle "playchess.com"]
[Source "ChessBase"]
[SourceQuality "1"]
[TimeControl "5400+30"]

1. e4 e5 2. Nf3 Nc6 3. Bc4 Bc5 4. O-O Nf6 5. c3 d6 6. d4 exd4 7. cxd4 Bb6 8. Nc3 O-O 9. Bg5 Bg4 10. d5 Nd4 11. Be2 Nxe2+ 12. Qxe2 h6 13. Bh4 g5 14. Bg3 Re8 15. Qd3 Nh5 16. Na4 Nxg3 17. hxg3 Bxf3 18. gxf3 Qf6 19. Nxb6 axb6 20. b3 Qg6 21. Kg2 Re5 22. g4 h5 23. gxh5 Qxh5 24. Rh1 Qg6 25. Rh3 Kg7 26. Rah1 Rxa2 27. Rh7+ Qxh7 28. Rxh7+ Kxh7 29. Qc3 Re7 30. Qf6 Re5 31. Qxf7+ Kh6 32. Qxc7 Re8 33. Qxd6+ Kh5 34. Qf6 Rg8 35. d6 Raa8 36. Qf7+ Kh6 37. e5 g4 38. Qf4+ Kh7 39. fxg4 Raf8 40. Qe4+ Kh6 41. Kg3 Ra8 42. e6 Ra1 43. e7 Rg1+ 44. Kf3 Rh1 45. Qe6+ Kh7 46. Qxg8+ Kxg8 47. e8=Q+ Kg7 48. d7 Rh8 49. Qxh8+ Kxh8 50. d8=Q+ Kg7 51. Kf4 b5 52. Qe7+ Kg6 53. g5 b4 54. Qf6+ Kh7 55. Kf5 b5 56. g6+ Kh6 57. Qh8# 1-0

[Event "DMP-III LIGA Senior PK 2020"]
[Site "Bystre"]
[Date "2020.07.10"]
[Round "5.24"]
[White "Wolak, Julia"]
[Black "Polak, Sylwia"]
[Result "0-1"]
[ECO "B42"]
[WhiteElo "1516"]
[BlackElo "1614"]
[Annotator "NA RC"]
[PlyCount "42"]
[EventDate "2020.07.05"]
[EventType "team-tourn"]
[EventCountry "POL"]
[SourceTitle "playchess.com"]
[Source "ChessBase"]
[SourceQuality "1"]
[TimeControl "5400+30"]

1. e4 c5 2. Nf3 e6 3. d4 cxd4 4. Nxd4 a6 5. Bd3 Qc7 6. O-O Nf6 7. Qe2 d6 8. Nc3 Nbd7 9. Re1 Be7 10. Nd5 exd5 11. exd5 Ne5 12. Bf5 Nxd5 13. f4 Nc6 14. Nxc6 bxc6 15. Be4 Ra7 16. c4 Nf6 17. Be3 Nxe4 18. Bxa7 Qxa7+ 19. Kf1 f5 20. g4 O-O 21. Rad1 Bh4 0-1

[Event "DMP-III LIGA Senior PK 2020"]
[Site "Bystre"]
[Date "2020.07.10"]
[Round "5.26"]
[White "Lach, Ireneusz"]
[Black "Baniak, Lukasz"]
[Result "0-1"]
[ECO "B27"]
[WhiteElo "1897"]
[BlackElo "1939"]
[Annotator "ChessBase"]
[PlyCount "78"]
[EventDate "2020.07.05"]
[EventType "team-tourn"]
[EventCountry "POL"]
[SourceTitle "playchess.com"]
[Source "ChessBase"]
[SourceQuality "1"]
[TimeControl "5400+30"]

1. e4 c5 2. Nf3 g6 3. Nc3 Bg7 4. Bc4 a6 5. a4 e6 6. O-O Ne7 7. e5 Nbc6 8. Qe2 Qc7 9. Re1 Nf5 10. Na2 Nfd4 11. Nxd4 Nxd4 12. Qe4 b5 13. Bd3 Bb7 14. Qh4 Bxe5 15. c3 Nb3 16. Rb1 c4 17. Bc2 bxa4 18. d4 cxd3 19. Bxd3 Nxc1 20. Rbxc1 O-O 21. Nb4 Bg7 22. Bf1 Rfc8 23. Ra1 a5 24. Nc2 Qb6 25. Rab1 Bc6 26. Ne3 Rab8 27. Nc4 Qc5 28. Rbd1 d5 29. Ne5 Bxe5 30. Rxe5 Rxb2 31. Rd4 Qxc3 32. Re3 Qc1 33. Rh3 h5 34. f4 Bb5 35. Rf3 Rb1 36. Qf2 Bxf1 37. Qxf1 Qb2 38. Rd1 Rxd1 39. Qxd1 Rc1 0-1

[Event "DMP-III LIGA Senior PK 2020"]
[Site "Bystre"]
[Date "2020.07.10"]
[Round "5.27"]
[White "Biesiadecki, Adam"]
[Black "Janzer, Hubert"]
[Result "1/2-1/2"]
[ECO "A59"]
[WhiteElo "1539"]
[BlackElo "1893"]
[Annotator "NA RC"]
[PlyCount "81"]
[EventDate "2020.07.05"]
[EventType "team-tourn"]
[EventCountry "POL"]
[SourceTitle "playchess.com"]
[Source "ChessBase"]
[SourceQuality "1"]
[TimeControl "5400+30"]

1. d4 Nf6 2. c4 c5 3. d5 b5 4. cxb5 a6 5. bxa6 Bxa6 6. Nc3 d6 7. e4 Bxf1 8. Kxf1 g6 9. Rb1 {[%emt 0:00:11] A59: Benko/Volga Gambit: White castles by hand.} Qa5 10. g3 Bg7 11. Nge2 O-O {[%emt 0:00:40] [#]} 12. b3 $146 ({Predecessor:} 12. Kg2 Nbd7 13. Re1 Qa6 14. Bg5 Ne5 15. Nc1 h6 16. Bf4 Nfd7 17. h4 Nc4 18. N1e2 Rfb8 19. Qc2 Rb7 20. Bc1 Rab8 21. Rd1 {0-1 (47) Trenner,R (2261)-Skytte,R (2366) Olomouc 2002}) 12... Na6 13. a4 Nd7 (13... c4 $11) 14. Nb5 Nb4 15. Kg2 Ne5 16. Bb2 f5 17. Bxe5 $1 Bxe5 18. f4 Bg7 19. Nec3 fxe4 20. Nxe4 Rf5 21. Nec3 Raf8 22. h4 Qa8 23. Qe2 Nxd5 24. Qe6+ $2 (24. Nxd5 $11 Qxd5+ 25. Qf3) 24... Kh8 25. Nxd5 Rxd5 26. Kh3 Rd2 27. Rh2 {[%emt 0:00:33] [#]} Rxh2+ ({Better is} 27... Rf6 $1 $17 28. Qd7 Rd3) 28. Kxh2 Bf6 29. Rf1 Qa5 30. Rf2 Kg7 31. Re2 Rd8 {[%emt 0:02:48] [#]} (31... Qa8 $11) 32. Qg4 (32. g4 $1 $16) 32... d5 33. f5 d4 34. fxg6 hxg6 35. h5 g5 36. Qf5 d3 37. Qg6+ Kh8 38. Qh6+ Kg8 39. Qg6+ Kf8 40. h6 $19 (40. Rf2 $11 Qe1 41. Kg2 (41. Rxf6+ exf6 42. Qxf6+ {[%mdl 64] Double Attack} Ke8 $11)) 40... dxe2 41. h7 1/2-1/2

[Event "DMP-III LIGA Senior PK 2020"]
[Site "Bystre"]
[Date "2020.07.10"]
[Round "5.28"]
[White "Lach, Tomasz"]
[Black "Juszczuk, Grzegorz"]
[Result "1-0"]
[ECO "A43"]
[WhiteElo "1833"]
[BlackElo "1809"]
[Annotator "NA"]
[PlyCount "168"]
[EventDate "2020.07.05"]
[EventType "team-tourn"]
[EventCountry "POL"]
[SourceTitle "playchess.com"]
[Source "ChessBase"]
[SourceQuality "1"]
[TimeControl "5400+30"]

1. d4 c5 2. c3 g6 3. Nf3 Bg7 4. dxc5 Nf6 5. Bf4 Nc6 6. e3 {[%emt 0:00:54] [#] A43: Schmid Benoni.} Nh5 $146 ({Predecessor:} 6... O-O 7. Be2 b6 8. cxb6 Qxb6 9. Qb3 Ba6 10. Qxb6 axb6 11. Nbd2 d5 12. Bxa6 Rxa6 13. Ne5 {½-½ (59) Nyberg,M (2062)-Stone,A (2027) Wellington 2013}) 7. Bg5 Qa5 8. Be2 Qxc5 9. O-O d6 10. Nbd2 O-O 11. Nb3 Qb6 12. Nfd4 Nf6 13. Bf3 Bd7 14. Re1 a5 15. Rb1 a4 16. Nd2 Qa5 17. Bxf6 Bxf6 18. a3 Rab8 19. Bg4 Bxg4 20. Qxg4 Ne5 21. Qe2 Rfc8 22. N4f3 Nd7 23. e4 Qc5 24. Nf1 b5 25. Ne3 Nb6 26. Red1 Rb7 27. Nd5 Nxd5 28. Rxd5 Qc4 29. Rd2 Rbc7 30. Re1 Rc5 (30... b4 $5 31. cxb4 (31. axb4 a3 $11) 31... Qxe2 32. Rexe2 Rc1+ 33. Ne1 Bg5 $11) 31. Nd4 Bxd4 32. Rxd4 Qxe2 33. Rxe2 Kf8 34. Red2 Ke8 35. Kf1 Kd7 36. Ke2 Kc6 37. f3 f5 38. Ke3 f4+ 39. Kf2 Rd8 40. g3 e5 ({Better is} 40... g5 $11) 41. Rd5 Rxd5 42. Rxd5 g5 43. Kg2 h5 44. Kf2 Rf8 45. Kg2 g4 46. fxg4 f3+ 47. Kf1 hxg4 48. Kf2 Rh8 49. h4 gxh3 50. Rd1 Kc5 51. Kxf3 {[%emt 0:00:56] [#]} h2 $2 ({Black should try} 51... Kc4 $1 $19 52. Kf2 Kb3) 52. Kg2 {[%emt 0:01:32] [#]} Kc4 $1 53. Kh1 {[%emt 0:00:23] [#]} Kb3 (53... Rh3 $1 $17 54. Rxd6 Rxg3 55. Kxh2 Rd3 56. Rc6+ Kb3) 54. Rd2 {[%emt 0:00:11] [#]} Rh3 $1 55. Rg2 {[%emt 0:00:38] [#]} Kc4 $1 56. g4 {[%emt 0:00:48] [#]} Kd3 $1 57. g5 Kxe4 58. g6 Rh8 59. g7 Rg8 60. Kxh2 {[%emt 0:00:29] [#]} d5 (60... Kf5 $1 $17 61. Kh3 Kf6 62. Rf2+ Ke7) 61. Kg1 $1 d4 62. cxd4 exd4 63. Kf2 Kd3 64. Ke1 Re8+ 65. Kd1 Rg8 66. Rg3+ Ke4 67. Kd2 Kf4 68. Rg1 Ke4 69. Ke2 Kf4 70. Kd3 Ke5 71. Rg2 Kd5 72. Rg5+ Kc6 73. Kxd4 Kd6 74. Kc3 Kc6 75. Kb4 Kb6 $18 76. Rg6+ Ka7 77. Ka5 Kb7 78. Kxb5 Ka8 79. Kxa4 Kb7 80. Kb5 Kc7 81. b4 Kb7 82. a4 Ka8 83. Kb6 Kb8 84. Rf6 Rh8 1-0